 Dungeon Crawl Stone Soup version 0.28.0-45-g0d030f2227 (webtiles) character file.

Game seed: 13741814241046606015

68 zeratav the Insei (level 4, -2/29 HPs)
             Began as an Octopode Transmuter on Apr 6, 2022.
             Shot with a stone by a goblin (4 damage)
             ... led by Robin
             ... on level 2 of the Dungeon.
             The game lasted 00:03:40 (2332 turns).

zeratav the Insei (Octopode Transmuter)             Turns: 2332, Time: 00:03:40

Health: -2/29      AC:  1    Str: 11    XL:     4   Next: 19%
Magic:  7/7        EV: 13    Int: 15    God:
Gold:   61         SH:  0    Dex: 12    Spells: 6/7 levels left

rFire   . . .      SeeInvis .   e - +1 short sword (elec)
rCold   . . .      Faith    .   (no shield)
rNeg    . . .      Spirit   .   (helmet restricted)
rPois   .          Reflect  .   (no amulet)
rElec   .          Harm     .   (no ring)
rCorr   .          Rampage  .   (no ring)
Will    .....                   (no ring)
Stlth   ++........              (no ring)
HPRegen 0.09/turn               (no ring)
MPRegen 0.10/turn               (no ring)
                                (no ring)
                                (no ring)

@: no status effects
A: almost no armour, amphibious, 8 rings, camouflage 1, gelatinous body 1,
(nimble swimmer 1), tentacles
a: no special abilities


You were on level 2 of the Dungeon.
You visited 1 branch of the dungeon, and saw 2 of its levels.

You collected 61 gold pieces.

Inventory:

Hand Weapons
 c - a +1 dagger of flaming
 e - a +1 short sword of electrocution (weapon)
Armour
 i - a +0 buckler
Jewellery
 g - a ring of ice
Scrolls
 a - a scroll of enchant armour {unknown}
 j - a scroll of blinking {unknown}
Potions
 b - a potion of attraction {unknown}
 d - a potion of resistance {unknown}
 f - a potion of curing {unknown}
 h - a potion of degeneration {unknown}


   Skills:
 * Level 2.3 Fighting
 + Level 2.6 Dodging
 * Level 3.7 Unarmed Combat
 - Level 2.0 Spellcasting
 + Level 2.3 Transmutations


You had 6 spell levels left.
You knew the following spells:

 Your Spells              Type           Power      Damage    Failure   Level
a - Beastly Appendage     Tmut           16%        N/A       9%          1

Your spell library contained the following spells:

 Spells                   Type           Power      Damage    Failure   Level
 Wereblood                Tmut           8%         N/A       13%         2
 Spider Form              Tmut/Pois      5%         N/A       38%         3
 Ice Form                 Ice/Tmut       5%         N/A       80%         4


Dungeon Overview and Level Annotations

Branches:
Dungeon (2/15)

Altars:

Shops:
D:2 [


Innate Abilities, Weirdness & Mutations

You cannot wear most types of armour.
You are amphibious.
You can wear up to eight rings at the same time.
Your skin changes colour to match your surroundings (Stealth+).
Your rubbery body absorbs attacks. (AC +1, EV +1)
((You are camouflaged when in or above water. (Stealth+)))
You have tentacles for arms and can constrict up to eight enemies at once.


Message History

You kill the hobgoblin!
The goblin shoots a stone.
The stone hits you.
The goblin shoots a stone.
The stone completely misses you.
Your transformation is almost over.
You completely miss the goblin. You grab the goblin.
You pierce the goblin.
You kill the goblin!
The goblin shoots a stone.
The stone hits you.
You hit Robin. Your grab misses Robin.
You pierce Robin.
Robin is lightly wounded.
Robin hits you with a +3 dagger.
You hit Robin. Your grab misses Robin.
You pierce Robin.
You squeeze Robin.
Robin is severely wounded.
You closely miss the goblin. You grab the goblin. You tentacle-slap the goblin.
The goblin is moderately wounded.
You constrict the goblin. Robin closely misses you.
The goblin hits you with a +0 dagger.
You hit the goblin. Lightning courses through the goblin!
You kill the goblin!
Robin hits you with a +3 dagger.
* * * LOW HITPOINT WARNING * * *
The goblin shoots a stone.
The stone hits you.
* * * LOW HITPOINT WARNING * * *
You have reached level 4!
You hit Robin but do no damage. Your grab misses Robin.
You pierce Robin, but do no damage.
Robin is severely wounded.
The goblin barely misses you.
You hit Robin. You grab Robin.
You pierce Robin, but do no damage.
You squeeze Robin, but do no damage.
Robin is almost dead.
You constrict Robin.
You kill Robin!
Your tentacle spike disappears.
The goblin closely misses you.
The goblin unwields a +0 club.
The goblin wields a +0 hunting sling.
The goblin shoots a stone.
The stone hits you.
* * * LOW HITPOINT WARNING * * *
The goblin no longer looks unusually strong.
The goblin shoots a stone.
The stone hits you.
You die...

##.#### ##g# #....## ####gg#
####..# #.)gg## ##
##.#######)#### ..# #........).#
#.# #........gg# #.#
#....^...g.#########.### ##
#..................#...### >#
###.<......@........).......
.#####.>..........########.....##
.......#.......<..#######......#
..######...)......##......#....#
#.....##.............#######...#
#####.########....#### #)..# #..#
###...#### #...# ##.###[..###
##### #.....###


You could see 3 goblins.

Vanquished Creatures
  Robin (D:2)
  An adder (D:2)
  2 endoplasms (D:1)
  11 goblins
  8 hobgoblins
  6 jackals (D:1)
  A ball python (D:2)
  A bat (D:1)
  A frilled lizard (D:1)
  8 kobolds
  2 rats (D:1)
42 creatures vanquished.

Notes
Turn   | Place    | Note
-------+----------+-------------------------------------------
     0 | D:1      | zeratav the Octopode Transmuter began the quest for the
                  | Orb.
     0 | D:1      | Reached XP level 1. HP: 13/13 MP: 3/3
    67 | D:1      | Reached XP level 2. HP: 3/18 MP: 5/5
  1453 | D:1      | Reached XP level 3. HP: 24/24 MP: 6/6
  2017 | D:2      | Found Xirevoru's Antique Armour Shop.
  2022 | D:2      | Noticed Robin
  2327 | D:2      | Reached XP level 4. HP: 4/29 MP: 7/7
  2328 | D:2      | Killed Robin
  2332 | D:2      | Shot with a stone by a goblin

Illustrated notes

Levels and vault maps discovered:
D:1:      dpeg_arrival_arbitrary_b, layout_loops_corners,
          nicolae_concentric_dashed_squares_wild, dk_noncrumbling_2
D:2:      layout_rooms, serial_shops, shop, uniq_robin

Skill      XL: |  1  2  3 |
---------------+----------+-----
Fighting       | 2 |  2.3
Dodging        | |  2.6
Unarmed Combat | |  3.7
Spellcasting   | |  2.0
Transmutations | |  2.3

Action                   |  1- 3 |  4- 6 || total
-------------------------+-------+-------++-------
Melee: Unarmed           |    40 |       ||    40
       Constrict         |    25 |     1 ||    26
       Tentacles         |    17 |     1 ||    18
       Kick              |    12 |     2 ||    14
       Dagger            |     8 |       ||     8
       Punch             |     3 |       ||     3
       Short sword       |    31 |     2 ||    33
Throw: Dart              |     5 |       ||     5
 Cast: Beastly Appendage |    10 |       ||    10
 Stab: Sleeping          |     3 |       ||     3
Armor: Skin              |     4 |       ||     4
Dodge: Dodged            |    50 |     2 ||    52
